 Dungeon Crawl Stone Soup version 0.28.0-45-g0d030f2227 (webtiles) character file.

Game seed: 8427075682653265266

3682 MalarOregon the Slasher (level 9, -3/73 HPs)
             Began as a Palentonga Fighter on Apr 18, 2022.
             Was an Initiate of Yredelemnul.
             Slain by a yak (6 damage)
             ... on level 8 of the Dungeon.
             The game lasted 00:17:02 (9369 turns).

MalarOregon the Slasher (Palentonga Fighter)        Turns: 9369, Time: 00:17:02

Health: -3/73      AC: 18    Str: 25    XL:     9   Next: 90%
Magic:  12/12      EV:  7    Int:  8    God:    Yredelemnul [......]
Gold:   621        SH:  4    Dex:  9    Spells: 8/8 levels left

rFire   . . .      SeeInvis +   a - +2 long sword (venom)
rCold   . . .      Faith    .   c - +0 buckler
rNeg    . . .      Spirit   .   y - +1 chain mail {rPois}
rPois   +          Reflect  .   (no helmet)
rElec   .          Harm     .   (no cloak)
rCorr   .          Rampage  .   o - +0 pair of gloves
Will    .....                   (no barding)
Stlth   ..........              (no amulet)
HPRegen 0.22/turn               w - +4 ring of slaying
MPRegen 0.13/turn               (no ring)

@: curled up
A: large, rugged brown scales 3, see invisible, deformed body, roll 1, armoured
tail, reflexive curl
a: Rolling Charge, Renounce Religion, Recall Undead Harvest


You were on level 8 of the Dungeon.
You worshipped Yredelemnul.
Yredelemnul was noncommittal.
You visited 1 branch of the dungeon, and saw 9 of its levels.
You also visited: Sewer and Ossuary.

You collected 661 gold pieces.
You spent 40 gold pieces at shops.


Innate Abilities, Weirdness & Mutations

You are completely covered in rugged brown scales. (AC +3, +7% HP)
You have supernaturally acute eyesight. (SInv)
Armour fits poorly on your strangely shaped body.
You can roll at nearby foes to attack.
You have a long armoured tail.
You curl defensively after being hit. (AC +7*)


   Skills:
 + Level 5.8 Fighting
 * Level 7.5 Long Blades
 + Level 4.9 Armour
 * Level 5.9 Dodging
 + Level 5.0 Shields
 + Level 4.3 Invocations


You had 8 spell levels left.
You didn't know any spells.
Your spell library contained the following spells:

 Spells                   Type           Power      Damage    Failure   Level
 Animate Skeleton         Necr           0%         N/A       98%         1
 Beastly Appendage        Tmut           0%         N/A       98%         1
 Foxfire                  Conj/Fire      0%         2x1d4     98%         1
 Pain                     Necr           0%         1d4       98%         1
 Shock                    Conj/Air       0%         1d3       98%         1
 Static Discharge         Conj/Air       0%         N/A       99%         2
 Wereblood                Tmut           0%         N/A       99%         2
 Dazzling Flash           Conj/Hex       0%         N/A       100%        3
 Spider Form              Tmut/Pois      0%         N/A       100%        3
 Vampiric Draining        Necr           0%         2d6       100%        3
 Airstrike                Air            0%         N/A       100%        4
 Agony                    Necr           0%         N/A       100%        5
 Silence                  Hex/Air        0%         N/A       100%        5
 Maxwell's Capacitive Co  Air            0%         ∞         100%        8

Inventory:

Hand Weapons
 a - a +2 long sword of venom (weapon)
 i - a +0 dagger of speed
   (You took it off an orc wizard on level 6 of the Dungeon)
 n - a +1 short sword of protection
   (You took it off a kobold on level 2 of the Dungeon)
 N - the +6 short sword "Jenwyob" {elec, rCorr Int+2}
   (You found it on level 7 of the Dungeon)

   It occasionally discharges a powerful burst of electricity upon striking a
   foe.
   Int:       It affects your intelligence (+2).
   rCorr:     It protects you from acid and corrosion.
Missiles
 g - 233 stones (quivered)
 A - 13 poisoned darts
 B - 4 boomerangs
 H - a throwing net {!f}
 L - a curare-tipped dart {!f}
Armour
 c - a +0 buckler (worn)
 l - a +0 cloak
   (You took it off Crazy Yiuf on level 7 of the Dungeon)
 o - a +0 pair of gloves (worn)
   (You found it on level 3 of the Dungeon)
 v - a +2 robe of willpower
   (You took it off Sigmund on level 6 of the Dungeon)
 y - a +1 chain mail of poison resistance (worn)
   (You found it on level 5 of the Dungeon)
Jewellery
 w - a +4 ring of slaying (left hand)
   (You found it on level 6 of the Dungeon)
 C - a +6 ring of strength
   (You found it on level 4 of the Dungeon)
Wands
 d - a wand of iceblast (5)
   (You found it on level 2 of the Dungeon)
 t - a wand of flame (37)
   (You took it off Eustachio on level 4 of the Dungeon)
 u - a wand of paralysis (8)
   (You found it on level 5 of the Dungeon)
 x - a wand of acid (6)
   (You found it on level 7 of the Dungeon)
Scrolls
 e - 6 scrolls of teleportation {@r4}
 j - a scroll of acquirement
 p - 2 scrolls of noise {!r}
 r - a scroll of amnesia
 z - 2 scrolls of fear
 E - a scroll of silence
 K - a scroll of torment {!r}
 M - 2 scrolls of blinking
Potions
 b - a potion of attraction {unknown}
 f - a potion of magic {unknown}
 h - a potion of lignification {!q}
 k - 6 potions of curing {@q1}
 m - 3 potions of mutation {unknown}
 q - a potion of degeneration {unknown}
 s - 2 potions of cancellation
 D - 2 potions of might
 F - 3 potions of brilliance {unknown}
 G - 2 potions of heal wounds {@q2}
 I - a potion of invisibility {unknown}
 J - a potion of experience {unknown}

Dungeon Overview and Level Annotations

Branches:
Dungeon (9/15)             Temple (0/1) D:4           Sewer (visited)
Ossuary (visited)
   Lair: D:8-11         Orc: D:9-12

Altars:
Cheibriados
Dithmenos
Elyvilon
Gozag
Kikubaaqudgha
Yredelemnul
The Shining One

Shops:
D:2

?
...................###...........
.........#.........####...#.#....
..Z......#...........#..######...
.Z....Z.....#.#..........###.....
Z##.........####..........#......
###..#......## ###..........####.
##...#...)...####............#...
###..........#..#.........Z......
####......##..>Y@......###.Z##.##
.#........######.......###Z.#####
...........# ####.....###..#####.
..........####.##......##........
..........#..............##......
................##.....#.........
...........#.....#.....#.........
...........#...###............≈.8
........##.....##....#.Z......≈..


You could see a yak (very poisoned).


Message History

You swap places.
Items here: ))))) [[.
There is a stone staircase leading down here.
You climb downwards.
The yak bellows! x4; You hear a bellow! x2
There is a stone staircase leading up here.
There are monsters nearby! 3 yaks come into view.
The yak bellows! x3
You slash the yak!
The yak is poisoned.
You block the yak's attack.
A yak comes into view.
There is a stone staircase leading up here.
You hit the yak.
You tail-slap the yak, but do no damage.
The yak gores you!
A yak comes into view.
You hit the yak.
The yak looks as sick as possible!
You tail-slap the yak, but do no damage.
The yak barely misses you.
You hit the yak.
The yak looks as sick as possible!
The yak gores you but does no damage.
You closely miss the yak. You tail-slap the yak. You hit the yak.
The yak gores you but does no damage.
You slash the yak!
The yak is poisoned.
You feel a bit more experienced. The yak gores you but does no damage.
You hit the yak but do no damage.
The yak looks as sick as possible!
The yak gores you but does no damage.
You slice the yak!!
You kill the yak!
A black mist starts to gather...
Your Invocations skill increases to level 4!
You barely miss the yak. The yak gores you but does no damage.
You hit the yak.
The yak is poisoned.
You tail-slap the yak, but do no damage.
The yak gores you but does no damage.
Your yak zombie gores the yak!
You closely miss the yak. You tail-slap the yak.
The yak gores you but does no damage.
Your yak zombie gores the yak!
You hit the yak.
The yak looks as sick as possible!
The yak gores you! The yak gores your yak zombie.
Your yak zombie gores the yak!
You barely miss the yak. The yak gores you. The yak gores your yak zombie!
Your yak zombie gores the yak but does no damage.
The yak gores you!
You barely miss the yak. The yak gores your yak zombie!
Something gores your yak zombie!
Your yak zombie gores something!
The yak gores you but does no damage.
You hit the yak.
The yak looks as sick as possible!
The yak gores your yak zombie!
Something barely misses your yak zombie.
The yak barely misses you.
You hit the yak but do no damage.
The yak looks as sick as possible!
You tail-slap the yak! The yak gores your yak zombie!
Your yak zombie is destroyed!
The yak gores you.
The yak bellows!
You slash the yak!
You kill the yak!
A black mist starts to gather...
The yak gores something!
You barely miss the yak.
Your tail-slap misses the yak.
The yak gores something!
You slash the yak! The yak gores you.
The yak gores something!
You barely miss the yak. You block the yak's attack.
The yak gores something!
You completely miss the yak. The yak gores you but does no damage.
The yak snorts and paws the ground.
You slash the yak! The yak gores you but does no damage.
You slash the yak! The yak gores you but does no damage.
You barely miss the yak. The yak completely misses you.
You slash the yak!
You kill the yak!
You slash the yak!
The yak is poisoned.
The yak gores you but does no damage.
You slash the yak!
The yak looks as sick as possible!
You tail-slap the yak. The yak gores you!
* * * LOW HITPOINT WARNING * * *
You hit the yak.
The yak looks as sick as possible!
You kill the yak!
A black mist starts to gather...
Your Shields skill increases to level 5!
You slash the yak!
The yak is poisoned.
The yak gores you!
* * * LOW HITPOINT WARNING * * *
You hit the yak. You tail-slap the yak.
Your yak zombie gores the yak.
The yak barely misses you.
You hit the yak.
The yak looks as sick as possible!
The yak gores you.
* * * LOW HITPOINT WARNING * * *
Your yak zombie gores the yak!
You slash the yak!
The yak looks as sick as possible!
You kill the yak!
Your yak zombie barely misses the yak.
You slash the yak!
The yak is poisoned.
You tail-slap the yak. The yak gores you!
* * * LOW HITPOINT WARNING * * *
Your yak zombie gores the yak.
You hit the yak but do no damage.
The yak looks as sick as possible!
The yak gores you but does no damage.
Your yak zombie gores the yak.
The yak gores you!
* * * LOW HITPOINT WARNING * * *
You climb upwards.
There is a stone staircase leading down here.
Unknown command.
The yak gores you.
You die...
Your body rises from the dead as a mindless zombie.

Skill      XL: |  1  2  3  4  5  6  7  8  9 |
---------------+----------------------------+-----
Dodging        | 1 2 3 4 5 |  5.9
Long Blades    | 3 4 5 6 7 |  7.5
Armour         | 3 4 |  4.9
Shields        | 3 4 5 |  5.0
Fighting       | 4 5 |  5.8
Invocations    | 1 3 4 |  4.3

Action                   |  1- 3 |  4- 6 |  7- 9 || total
-------------------------+-------+-------+-------++-------
Melee: Long sword        |   112 |   121 |   354 ||   587
       Tailslap          |     9 |    11 |    45 ||    65
Throw: Dart              |       |     3 |    19 ||    22
       Stone             |       |     1 |       ||     1
Invok: Dark Bargain      |       |       |     2 ||     2
       Recall Undead Har |       |       |     1 ||     1
 Abil: Rolling Charge    |     1 |     1 |       ||     2
Evoke: Wand              |       |     1 |     1 ||     2
  Use: Potion            |     1 |       |     4 ||     5
       Scroll            |       |       |    13 ||    13
 Stab: Distracted        |       |     1 |     1 ||     2
Armor: Scale mail        |    59 |    70 |    38 ||   167
       Chain mail        |       |       |   151 ||   151
       Skin              |       |       |    49 ||    49
Dodge: Dodged            |    38 |    46 |   109 ||   193
Block: Buckler           |    13 |    22 |    79 ||   114

Levels and vault maps discovered:
D:1:      psy_arrival_dodecagon, layout_rooms
D:2:      layout_basic, serial_shops, nicolae_shop_window_shopping,
          minmay_cut_off
D:3:      kennysheep_six_static_rooms, layout_basic, overflow_temple_1_default,
          chequers_temple_overflow_statue_of_worship, minmay_crystal_water,
          uniq_ijyb
D:4:      layout_loops_corners, minmay_temple_entry_sparse_star,
          portal_sewer_entry_d, uniq_eustachio
D:5:      layout_rooms, nicolae_ossuary_entry_monument
D:6:      layout_loops_ring, mainiacjoe_overflow_tiny_flanked,
          nicolae_gozag_cash_rules_everything_around_me, uniq_sigmund
D:7:      layout_basic, elyvilon_altar_3, minmay_misc_feat_chi,
          uniq_crazy_yiuf_cottage
D:8:      layout_cave_pools, mainiacjoe_overflow_catwalk
D:9:      layout_basic, kennysheep_mini, due_lair_maze_entry_diamond,
          chequers_serial_rivers_micro_c

Notes
Turn   | Place    | Note
-------+----------+-------------------------------------------
     0 | D:1      | MalarOregon the Palentonga Fighter began the quest for the
                  | Orb.
     0 | D:1      | Reached XP level 1. HP: 19/19 MP: 1/1
   122 | D:1      | Reached XP level 2. HP: 17/25 MP: 2/2
   578 | D:1      | Reached skill level 1 in Dodging
   585 | D:1      | Reached XP level 3. HP: 16/31 MP: 3/3
  1340 | D:2      | Found Nenuf's Magic Scroll Emporium.
  1544 | D:2      | Reached XP level 4. HP: 17/37 MP: 4/4
  1774 | D:2      | Reached skill level 3 in Long Blades
  2157 | D:2      | Bought a scroll of identify for 20 gold pieces
  2157 | D:2      | Bought a scroll of noise for 10 gold pieces
  2157 | D:2      | Bought a scroll of noise for 10 gold pieces
  2166 | D:3      | Found a shadowy altar of Dithmenos.
  2449 | D:3      | Found a snail-covered altar of Cheibriados.
  2452 | D:3      | Found a basalt altar of Yredelemnul.
  2467 | D:3      | Became a worshipper of Yredelemnul the Dark
  2508 | D:3      | You fall into a shaft and drop 3 floors!
  2520 | D:6      | Noticed a bullfrog
  2541 | D:6      | Killed a bullfrog
  2542 | D:6      | Reached skill level 2 in Dodging
  2542 | D:6      | Reached XP level 5. HP: 27/43 MP: 5/5
  2550 | D:6      | Reached skill level 3 in Armour
  2550 | D:6      | Reached skill level 3 in Shields
  2617 | D:6      | Reached XP level 6. HP: 16/51 MP: 6/6
  2777 | D:6      | Noticed a water moccasin
  2785 | D:6      | Killed a water moccasin
  2785 | D:6      | Reached * piety under Yredelemnul
  2786 | D:6      | Reached skill level 4 in Long Blades
  3054 | D:6      | Reached ** piety under Yredelemnul
  3108 | D:6      | Found a glowing golden altar of the Shining One.
  3114 | D:6      | Reached skill level 3 in Dodging
  3146 | D:6      | Reached skill level 4 in Fighting
  3146 | D:6      | Gained mutation: You curl defensively after being hit. (AC
                  | +7*) [Palentonga growth]
  3146 | D:6      | Reached XP level 7. HP: 39/57 MP: 7/7
  3344 | D:6      | Noticed Sigmund
  3352 | D:6      | Killed Sigmund
  3352 | D:6      | Reached *** piety under Yredelemnul
  3353 | D:6      | Reached skill level 1 in Invocations
  3534 | D:6      | Your ally Sigmund died
  3552 | D:6      | Reached skill level 5 in Long Blades
  3823 | D:6      | Found an opulent altar of Gozag.
  3967 | D:6      | Reached XP level 8. HP: 65/65 MP: 9/9
  4055 | D:5      | Entered Level 5 of the Dungeon
  4065 | D:5      | Found a sand-covered staircase.
  4083 | Ossuary  | Entered an ossuary
  4128 | Ossuary  | Reached skill level 2 in Invocations
  4218 | Ossuary  | Reached skill level 4 in Dodging
  4486 | D:5      | Reached skill level 4 in Shields
  4638 | D:5      | Reached skill level 4 in Armour
  4649 | D:5      | You add the spells Shock, Foxfire, Static Discharge,
                  | Airstrike and Maxwell's Capacitive Coupling to your
                  | library.
  4649 | D:5      | Got the Catalogue of Igneous Weightlessness
  5316 | D:4      | Found a staircase to the Ecumenical Temple.
  5335 | D:4      | Noticed Eustachio
  5344 | D:4      | Killed Eustachio
  5345 | D:4      | Reached skill level 6 in Long Blades
  5489 | D:4      | Identified a scroll of acquirement
  5522 | D:4      | Reached skill level 3 in Invocations
  5677 | D:4      | Found a glowing drain.
  5686 | Sewer    | Entered a sewer
  5855 | Sewer    | Found a viscous altar of Jiyva.
  5859 | Sewer    | Reached skill level 5 in Fighting
  6140 | D:4      | You pick up a book of Changes and begin reading...
  6140 | D:4      | You add the spells Beastly Appendage, Wereblood and Spider
                  | Form to your library.
  6854 | D:3      | Noticed Ijyb
  6860 | D:3      | Killed Ijyb
  6861 | D:3      | Reached XP level 9. HP: 71/72 MP: 11/11
  7155 | D:7      | Found a runed translucent door.
  7156 | D:7      | Noticed Crazy Yiuf
  7179 | D:7      | You pick up a book of Necromancy and begin reading...
  7179 | D:7      | You add the spells Pain, Animate Skeleton and Vampiric
                  | Draining to your library.
  7266 | D:7      | Reached skill level 5 in Dodging
  7402 | D:7      | Found a white marble altar of Elyvilon.
  7407 | D:7      | You pick up a book of the Senses and begin reading...
  7407 | D:7      | You add the spells Dazzling Flash, Agony and Silence to
                  | your library.
  7798 | D:7      | Identified the +6 short sword "Jenwyob" {elec, rCorr Int+2}
  8174 | D:7      | Killed Crazy Yiuf
  8635 | D:8      | HP: 18/72 [kobold brigand/+0 short sword (4)]
  8893 | D:8      | Found an ancient bone altar of Kikubaaqudgha.
  9082 | D:8      | Reached skill level 7 in Long Blades
  9340 | D:9      | Reached skill level 4 in Invocations
  9360 | D:9      | Reached skill level 5 in Shields
  9364 | D:9      | HP: 11/73 [yak (9)]
  9366 | D:9      | HP: 2/73 [yak (9)]
  9369 | D:8      | Slain by a yak

Vanquished Creatures
  6 yaks (D:9)
  Sigmund (D:6)
  3 water moccasins
  An ice beast (D:7)
  A sky beast (D:6)
  2 ogres (D:5)
  2 elf zombies (Ossuary)
  A kobold brigand (D:8)
  3 bullfrogs
  A gnoll sergeant (D:6)
  A scorpion (D:6)
  A water moccasin skeleton (D:5)
  A spectral ice beast (D:7)
  A bullfrog zombie (D:7)
  A centaur zombie (D:6)
  5 hounds
  3 jellies (Sewer)
  3 orc priests
  Crazy Yiuf (D:7)
  2 centaur skeletons (D:6)
  Ijyb (D:3)
  An iguana (D:5)
  8 orc wizards
  2 mummies (Ossuary)
  A hound skeleton (D:5)
  8 gnolls
  11 adders
  2 river rats (Sewer)
  2 white imps
  An ufetubus (D:6)
  An adder skeleton (D:4)
  4 worms
  3 dart slugs
  24 orcs
  12 ball pythons
  21 endoplasms
  4 giant cockroaches
  4 gnoll zombies (Ossuary)
  9 goblins
  9 hobgoblins
  A jackal (D:3)
  2 quokkas (D:1)
  5 bats
  6 frilled lizards
  4 hobgoblin zombies (Ossuary)
  10 kobolds
  4 orc zombies (Ossuary)
  9 rats
209 creatures vanquished.

Vanquished Creatures (collateral kills)
  Eustachio (D:4)
  A wyvern zombie (D:7)
  2 centaur skeletons (D:7)
  A bullfrog skeleton (D:4)
  An adder (D:6)
  A gnoll (D:6)
  An orc (D:8)
  2 endoplasms (Sewer)
  A kobold (D:8)
  A rat (Sewer)
12 creatures vanquished.

Vanquished Creatures (others)
  A water moccasin zombie (D:6)
  2 yak zombies (D:9)
  A bullfrog zombie (D:6)
  A scorpion zombie (D:6)
  A hound zombie (D:6)
  An adder zombie (D:6)
  A human zombie (D:6)
  A kobold zombie (D:8)
  8 orc zombies
  A rat zombie (D:3)
18 creatures vanquished.

Grand Total: 239 creatures vanquished

Table legend:
 A = Non-vault XP
 B = Vault XP
 C = Vault XP percentage of total XP
 D = Non-vault monster count
 E = Vault monster count
 F = Vault count percentage of total count
                 A         B        C        D         E       F
            +---------+---------+-------+---------+---------+-------
      Total |    4294 |     966 |  18.4 |     163 |      57 |  25.9
            +---------+---------+-------+---------+---------+-------
        D:1 |      54 |       0 |   0.0 |      32 |       0 |   0.0
        D:2 |      79 |       3 |   3.7 |      22 |       2 |   8.3
        D:3 |      43 |      72 |  62.6 |      15 |       7 |  31.8
        D:4 |      76 |     195 |  72.0 |       7 |       2 |  22.2
        D:5 |     572 |       0 |   0.0 |      19 |       0 |   0.0
        D:6 |    1091 |     212 |  16.3 |      28 |       1 |   3.4
        D:7 |     737 |      40 |   5.1 |      14 |       1 |   6.7
        D:8 |     444 |       0 |   0.0 |      20 |       0 |   0.0
        D:9 |    1198 |       0 |   0.0 |       6 |       0 |   0.0
      Sewer |       0 |     202 | 100.0 |       0 |      28 | 100.0
    Ossuary |       0 |     242 | 100.0 |       0 |      16 | 100.0
            +---------+---------+-------+---------+---------+-------

Illustrated notes

Table legend:
 A = Kills in this place as a percentage of kills in entire the game.
 B = Kills by you in this place as a percentage of kills by you in the entire game.
 C = Kills by friends in this place as a percentage of kills by friends in the entire game.
 D = Other kills in this place as a percentage of other kills in the entire game.
 E = Experience gained in this place as a percentage of experience gained in the entire game.
 F = Experience gained in this place divided by the number of levels of this place that you have seen.
                   A       B       C       D       E      F
               +-------+-------+-------+-------+-------+----------------------
         Total | 100.0 | 100.0 | 100.0 |   N/A | 100.0 | 478.2
       Dungeon |  80.0 |  80.3 |  75.0 |   N/A |  91.6 | 535.1
         Sewer |  12.7 |  12.0 |  25.0 |   N/A |   3.8 | 202.0
       Ossuary |   7.3 |   7.7 |   0.0 |   N/A |   4.6 | 242.0
               +-------+-------+-------+-------+-------+----------------------

Table legend: (Time is in decaauts)
 A = Elapsed time spent in this place.
 B = Non-inter-level travel time spent in this place.
 C = Inter-level travel time spent in this place.
 D = Time resting spent in this place.
 E = Time spent auto-exploring this place.
 F = Levels seen in this place.
 G = Mean time per level.
                   A        B        C        D        E       F      G
               +--------+--------+--------+--------+--------+-----+--------+
         Total |   9520 |   9061 |    459 |   1189 |   5976 |  11 |  865.5 |
       Dungeon |   8821 |   8362 |    459 |   1132 |   5616 |   9 |  980.1 |
         Sewer |    382 |    382 |      0 |      0 |    219 |   1 |  382.0 |
       Ossuary |    316 |    316 |      0 |     57 |    141 |   1 |  316.0 |
               +--------+--------+--------+--------+--------+-----+--------+

Top non-repeatable levels by time:
     D:6: 1585 daAuts
     D:7: 1311 daAuts
     D:2: 1181 daAuts
     D:4: 1054 daAuts
     D:1: 1037 daAuts
     D:8: 892 daAuts
     D:5: 860 daAuts
     D:3: 857 daAuts
   Sewer: 382 daAuts
 Ossuary: 316 daAuts
     D:9: 40 daAuts
